 Dungeon Crawl Stone Soup version 0.16-a0-3972-g91ea21f (webtiles) character file.

406 MDvedh the Chiller (level 6, -1/41 HPs)
             Began as a Merfolk Ice Elementalist on Feb 11, 2015.
             Killed from afar by an orc wizard (7 damage)
             ... with a magic dart
             ... on level 4 of the Dungeon.
             The game lasted 00:15:44 (4311 turns).

MDvedh the Chiller (Merfolk Ice Elementalist)       Turns: 4311, Time: 00:15:44

Health: -1/41      AC:  7    Str:  8    XL:     6   Next: 87%
Magic:  10/10      EV: 12    Int: 14    God:
Gold:   154        SH:  0    Dex: 17    Spells: 2 memorised, 5 levels left

rFire  + . .     SeeInvis .     n - -1 quarterstaff (curse)
rCold  . . .     Clarity  .     p - +3 leather armour
rNeg   . . .     SustAb   .     (no shield)
rPois  .         Gourm    .     (no helmet)
rElec  .         Spirit   .     (no cloak)
rCorr  .         Warding  .     g - +0 pair of gloves
rMut   .         Rnd*Tele +     (no boots)
MR     .....                    (no amulet)
Stlth  ++........               h - ring of teleportation (curse)
                                f - ring of protection from fire

@: slowed, very slow, not resistant to hostile enchantments, unstealthy
A: change form in water, swift swim
a: Evoke Teleportation


You were on level 4 of the Dungeon.
You were near starving.

You visited 1 branch of the dungeon, and saw 4 of its levels.

You collected 154 gold pieces.

Inventory:

Hand weapons
 n - a cursed -1 quarterstaff (weapon)
 o - a +0 spear
Armour
 g - a +0 pair of gloves (worn)
 p - a +3 leather armour (worn)
Jewellery
 f - a ring of protection from fire (left hand)
 h - a cursed ring of teleportation (right hand)
 j - an uncursed ring of protection from fire
 q - an uncursed ring of sustain abilities {unknown}
Scrolls
 e - 2 scrolls of identify
 l - a scroll of recharging
Potions
 i - 4 potions of brilliance
 m - a potion of resistance
Books
 b - a book of Frost

   Spells                             Type                      Level
   a - Freeze                         Ice                          1
   b - Throw Frost                    Conjuration/Ice              2
   c - Ozocubu's Armour               Charms/Ice                   3
   d - Throw Icicle                   Conjuration/Ice              4
   e - Summon Ice Beast               Ice/Summoning                4
   f - Condensation Shield            Ice                          4
Comestibles
 c - 2 bread rations
 d - a beef jerky


   Skills:
 * Level 4.4 Polearms
 - Level 2.6 Dodging
 - Level 2.1 Stealth
 - Level 2.0 Spellcasting
   Level 0.7 Conjurations
 * Level 4.5 Charms
 + Level 5.5 Ice Magic


You had 5 spell levels left.
You knew the following spells:

 Your Spells              Type           Power        Failure   Level  Hunger
a - Freeze                Ice            ###.         3%          1    ##.....
b - Ozocubu's Armour      Chrm/Ice       ###.....     14%         3    ####...


Dungeon Overview and Level Annotations

Branches:
Dungeon (4/15)
 Temple: D:4-7

Altars:
Elyvilon

Annotations:
D:3 jazmu's ghost, average MiFi
D:4 Edmund


Message History

Unknown command.
The orc wizard gestures at you while chanting.
The magic dart hits you!
* * * LOW HITPOINT WARNING * * *
The orc wizard barely misses you.
You feel less invigorated.
You feel less confused.
You closely miss the orc wizard. The orc wizard casts a spell at you.
The magic dart hits you!
* * * LOW HITPOINT WARNING * * *
The orc wizard closely misses you.
You miss the orc wizard.
The orc wizard hits you but does no damage. x2
You hit the orc wizard.
The orc wizard is lightly wounded.
You are near starving!
The orc wizard gestures at you while chanting.
The magic dart hits you!
You die...

#.############## #.#
##......##### ### ###
##.# #...........# #..
..# ...# #. ##.......#
#.# #.# ####
.#..#.....##.###.####.#
#......#.o....o....##.#
#..##...<...###.#.##.#
#### # #......)###.#
#.#.##.# ≈≈≈≈
≈≈[#....[..@o[.#
#......#
≈≈.≈≈≈≈.......#######
###.####
≈≈≈≈≈≈≈.......#####
###.#
########..........#
#...#
.####.............#
##.###
..................#
#..#
.####.............#
#.## ## #...........=.#
#.# #.......####### #.#


You could see an orc wizard.

Vanquished Creatures
  A phantom (D:4)
  A crimson imp (D:4)
  An iguana (D:4)
  2 hounds
  2 orc wizards (D:3)
  3 adders
  3 gnolls (D:2)
  A giant mite (D:4)
  2 worms
  An adder skeleton (D:4)
  5 orcs
  A ball python (D:4)
  7 giant cockroaches
  4 goblins
  12 hobgoblins
  6 jackals
  3 kobolds
  2 quokkas
  5 bats
  A giant gecko (D:4)
  6 giant newts
  11 rats
80 creatures vanquished.

Notes
Turn   | Place    | Note
--------------------------------------------------------------
     0 | D:1      | MDvedh, the Merfolk Ice Elementalist, began the quest for the Orb.
     0 | D:1      | Reached XP level 1. HP: 13/13 MP: 3/3
   125 | D:1      | Reached XP level 2. HP: 10/19 MP: 0/4
   352 | D:1      | Reached skill level 4 in Ice Magic
   941 | D:2      | Reached XP level 3. HP: 21/24 MP: 3/6
   953 | D:2      | Learned a level 3 spell: Ozocubu's Armour
   985 | D:2      | Found a white marble altar of Elyvilon.
  1073 | D:2      | Reached skill level 1 in Charms
  1450 | D:2      | Reached XP level 4. HP: 23/30 MP: 1/7
  2060 | D:2      | Reached skill level 1 in Polearms
  2546 | D:3      | Reached skill level 5 in Ice Magic
  2546 | D:3      | Reached XP level 5. HP: 17/35 MP: 6/9
  2980 | D:3      | Noticed jazmu's ghost (average MiFi)
  3004 | D:4      | Noticed a phantom
  3223 | D:4      | Noticed a phantom
  3386 | D:4      | Killed a phantom
  3386 | D:4      | Reached XP level 6. HP: 17/41 MP: 10/10
  3936 | D:4      | Noticed Edmund
  4311 | D:4      | Killed from afar by an orc wizard

Action                   |  1- 3 |  4- 6 || total
-------------------------+-------+-------++-------
Melee: Unarmed           |     4 |       ||     4
       Short sword       |    34 |       ||    34
       Quarterstaff      |    21 |   161 ||   182
 Cast: Freeze            |    31 |    59 ||    90
       Ozocubu's Armour  |       |     2 ||     2
  Use: Scroll            |       |     7 ||     7
       Potion            |       |     2 ||     2
 Stab: Sleeping          |     6 |     3 ||     9
  Eat: Chunk             |     2 |     8 ||    10
       Fruit             |       |     2 ||     2
